General information
- name: BNet
- type: Ladder team game (AT/RT)
- host: Battle.net
- saver: bLinn
map: UpperKingdom
- players: 6
- length: 59:28
- speed: Fast
- version: 1.21 W3XP
- replay type:

» download(348 KB)
Players
team 1 (winner)
bLinn (
red | 62 APM | 3705 actions | 59:28)
7 Blademaster
3 Wind Walk
3 Critical Strike
1 Bladestorm
» actions
| Assign group hotkey | 345 | |
| Basic commands | 4 | |
| Build / train | 111 | |
| Enter build submenu | 153 | |
| Enter hero's abilities submenu | 9 | |
| Give item / drop item | 4 | |
| Remove unit from queue | 12 | |
| Right click | 1684 | |
| Select / deselect | 753 | |
| Select group hotkey | 162 | |
| Use ability | 468 | |
3705 total
» units
| Peon | 24 | |
| Troll Batrider | 29 | |
| Wind Rider | 6 | |
59 total
» upgrades
| Spiked Barricades | 3 | |
| Reinforced Defenses | 1 | |
| Armor | 3 | |
| Ranged Weapons | 2 | |
| Envenomed Spears | 1 | |
10 total
» buildings
| Altar of Storms | 1 | |
| Orc Burrow | 10 | |
| War Mill | 3 | |
| Watch Tower | 165 | |
| Voodoo Lounge | 1 | |
| Stronghold | 3 | |
| Great Hall | 1 | |
| Beastiary | 2 | |
| Fortress | 2 | |
188 total
» build order
00:07 Altar of Storms
00:17 Orc Burrow
00:37 War Mill
01:52 Watch Tower
02:02 Orc Burrow
02:33 Watch Tower
02:34 Watch Tower
02:47 Watch Tower
02:49 Watch Tower
03:14 Watch Tower
03:20 Watch Tower
03:38 Watch Tower
03:44 Watch Tower
03:44 Watch Tower
03:54 Watch Tower
03:55 Watch Tower
04:46 Watch Tower
04:49 Watch Tower
04:57 Watch Tower
05:15 Voodoo Lounge
05:21 Watch Tower
05:25 Watch Tower
05:36 Stronghold
05:37 Stronghold
05:51 Watch Tower
06:01 Watch Tower
06:41 Watch Tower
07:07 Watch Tower
07:25 Orc Burrow
07:36 Watch Tower
07:40 Watch Tower
07:41 Watch Tower
07:42 Watch Tower
07:43 Watch Tower
07:44 Watch Tower
07:47 Watch Tower
08:16 Great Hall
08:27 Watch Tower
09:42 Watch Tower
09:45 Beastiary
09:46 Beastiary
09:55 Watch Tower
10:03 Fortress
10:06 Watch Tower
10:19 Watch Tower
10:35 Orc Burrow
11:04 Watch Tower
11:04 Watch Tower
11:34 Watch Tower
12:06 Watch Tower
12:08 Watch Tower
12:11 Watch Tower
12:43 Watch Tower
12:44 Watch Tower
12:45 Watch Tower
12:46 Watch Tower
13:19 Watch Tower
13:20 Watch Tower
13:22 Watch Tower
13:23 Watch Tower
13:24 Watch Tower
13:53 Watch Tower
13:54 Watch Tower
13:57 Watch Tower
15:01 Watch Tower
15:01 Watch Tower
15:02 Watch Tower
15:03 Watch Tower
15:07 Watch Tower
16:22 Watch Tower
16:23 Watch Tower
16:24 Watch Tower
16:25 Watch Tower
16:26 Watch Tower
16:27 Watch Tower
16:27 Watch Tower
16:28 Watch Tower
16:28 Watch Tower
16:29 Watch Tower
16:29 Watch Tower
16:30 Watch Tower
17:43 Watch Tower
18:05 Watch Tower
18:05 Watch Tower
18:48 Watch Tower
18:49 Watch Tower
19:14 Watch Tower
19:28 Watch Tower
21:12 Watch Tower
21:13 Watch Tower
21:13 Watch Tower
21:40 Watch Tower
21:41 Watch Tower
21:42 Watch Tower
21:43 Watch Tower
21:44 Watch Tower
21:45 Watch Tower
21:45 Watch Tower
21:46 Watch Tower
21:53 Watch Tower
21:55 Watch Tower
21:56 Watch Tower
21:56 Watch Tower
24:18 Watch Tower
24:19 Watch Tower
24:20 Watch Tower
24:22 Watch Tower
24:22 Watch Tower
24:23 Watch Tower
25:15 Watch Tower
25:33 Watch Tower
25:34 Watch Tower
27:08 Watch Tower
27:09 Watch Tower
27:11 Watch Tower
27:12 Watch Tower
27:14 Watch Tower
27:15 Watch Tower
27:18 Watch Tower
27:19 Watch Tower
27:21 Watch Tower
27:22 Watch Tower
27:23 Watch Tower
27:24 Watch Tower
27:25 Watch Tower
27:26 Watch Tower
29:28 Watch Tower
29:28 Watch Tower
30:23 Watch Tower
30:26 Watch Tower
33:07 Watch Tower
33:08 Watch Tower
33:10 Watch Tower
35:15 Orc Burrow
35:16 Orc Burrow
35:16 Orc Burrow
35:17 Orc Burrow
37:43 Orc Burrow
40:12 War Mill
40:30 Watch Tower
40:32 Watch Tower
40:36 Watch Tower
40:37 Watch Tower
40:45 Watch Tower
40:46 Watch Tower
40:48 Watch Tower
40:49 Watch Tower
40:50 Watch Tower
41:56 Watch Tower
41:57 Watch Tower
41:59 Watch Tower
42:00 Watch Tower
42:01 Watch Tower
43:09 Watch Tower
43:10 Watch Tower
44:41 Watch Tower
44:43 Watch Tower
44:44 Watch Tower
44:49 Watch Tower
46:04 War Mill
47:33 Watch Tower
47:34 Watch Tower
47:36 Watch Tower
47:39 Watch Tower
47:40 Watch Tower
47:40 Watch Tower
47:42 Watch Tower
47:44 Watch Tower
47:45 Watch Tower
47:48 Watch Tower
47:49 Watch Tower
47:51 Watch Tower
47:52 Watch Tower
47:52 Watch Tower
50:17 Watch Tower
50:19 Watch Tower
50:20 Watch Tower
50:22 Watch Tower
50:23 Watch Tower
50:25 Watch Tower
50:26 Watch Tower
50:27 Watch Tower
50:28 Watch Tower
54:13 Watch Tower
54:14 Watch Tower
58:55 Orc Burrow
» items
| Healing Salve | 5 | |
| Lesser Clarity Potion | 3 | |
| Scroll of Speed | 1 | |
| Scroll of Town Portal | 3 | |
| Orb of Lightning | 1 | |
13 total
dirtmcwordUP (
orange | 57 APM | 3408 actions | 59:26)
4 Archmage
2 Blizzard
2 Brilliance Aura
2 Paladin
1 Holy Light
1 Divine Shield
» actions
| Assign group hotkey | 17 | |
| Basic commands | 43 | |
| Build / train | 173 | |
| ESC pressed | 6 | |
| Enter build submenu | 114 | |
| Enter hero's abilities submenu | 6 | |
| Give item / drop item | 5 | |
| Right click | 1530 | |
| Select / deselect | 484 | |
| Select group hotkey | 665 | |
| Use ability | 365 | |
3408 total
» units
| Peasant | 26 | |
| Dragonhawk Rider | 36 | |
| Priest | 1 | |
63 total
» upgrades
| Masonry | 3 | |
| Magic Sentry | 1 | |
| Lumber Harvesting | 2 | |
| Sorceress Training | 2 | |
| Priest Training | 2 | |
| Animal War Training | 1 | |
| Armor | 3 | |
| Swords | 3 | |
| Cloud | 1 | |
18 total
» buildings
| Altar of Kings | 2 | |
| Farm | 15 | |
| Lumber Mill | 3 | |
| Scout Tower | 203 | |
| Arcane Tower | 4 | |
| Guard Tower | 68 | |
| Town Hall | 2 | |
| Keep | 3 | |
| Arcane Vault | 2 | |
| Arcane Sanctum | 1 | |
| Castle | 1 | |
| Barracks | 1 | |
| Gryphon Aviary | 2 | |
| Blacksmith | 1 | |
308 total
» build order
00:09 Altar of Kings
00:12 Altar of Kings
00:15 Farm
00:18 Lumber Mill
00:37 Scout Tower
00:44 Scout Tower
01:04 Arcane Tower
01:12 Arcane Tower
01:30 Scout Tower
01:33 Scout Tower
01:59 Guard Tower
02:04 Guard Tower
02:06 Scout Tower
02:08 Scout Tower
02:15 Farm
02:32 Guard Tower
02:47 Guard Tower
02:56 Scout Tower
03:10 Scout Tower
03:26 Scout Tower
03:27 Scout Tower
03:29 Scout Tower
04:13 Guard Tower
04:18 Guard Tower
04:27 Scout Tower
04:30 Scout Tower
04:40 Guard Tower
04:43 Scout Tower
04:57 Guard Tower
05:02 Town Hall
05:11 Guard Tower
05:15 Scout Tower
05:16 Scout Tower
05:18 Guard Tower
05:44 Guard Tower
05:48 Guard Tower
05:50 Scout Tower
05:53 Scout Tower
06:04 Scout Tower
06:04 Scout Tower
06:11 Scout Tower
06:36 Guard Tower
06:41 Scout Tower
06:45 Scout Tower
06:51 Scout Tower
06:58 Guard Tower
07:01 Scout Tower
07:02 Scout Tower
07:14 Guard Tower
07:15 Scout Tower
07:17 Scout Tower
07:17 Scout Tower
07:19 Scout Tower
07:20 Scout Tower
07:20 Scout Tower
07:27 Guard Tower
08:04 Guard Tower
08:08 Scout Tower
08:13 Scout Tower
08:14 Scout Tower
08:15 Scout Tower
08:17 Scout Tower
08:18 Scout Tower
08:20 Guard Tower
08:23 Scout Tower
08:24 Scout Tower
08:25 Scout Tower
08:25 Scout Tower
08:27 Scout Tower
08:28 Scout Tower
08:28 Scout Tower
08:32 Guard Tower
09:07 Guard Tower
09:10 Scout Tower
09:11 Scout Tower
09:15 Scout Tower
09:18 Scout Tower
09:19 Scout Tower
09:21 Scout Tower
09:21 Scout Tower
09:23 Scout Tower
09:23 Scout Tower
09:28 Guard Tower
09:37 Keep
09:37 Keep
09:40 Guard Tower
09:41 Guard Tower
09:45 Scout Tower
09:46 Scout Tower
09:47 Scout Tower
09:48 Scout Tower
09:48 Scout Tower
09:49 Scout Tower
09:52 Scout Tower
09:54 Scout Tower
10:22 Guard Tower
11:37 Arcane Vault
11:39 Scout Tower
11:40 Scout Tower
11:40 Scout Tower
11:41 Scout Tower
11:43 Scout Tower
11:43 Scout Tower
11:47 Guard Tower
11:50 Scout Tower
11:51 Scout Tower
11:52 Scout Tower
11:53 Scout Tower
11:56 Scout Tower
11:57 Scout Tower
12:04 Guard Tower
12:08 Scout Tower
12:09 Scout Tower
12:10 Scout Tower
12:11 Scout Tower
12:12 Scout Tower
12:12 Scout Tower
12:30 Guard Tower
12:54 Guard Tower
13:26 Guard Tower
13:29 Scout Tower
13:30 Scout Tower
13:33 Scout Tower
13:33 Scout Tower
13:39 Guard Tower
13:42 Arcane Sanctum
14:04 Guard Tower
14:11 Scout Tower
14:14 Scout Tower
14:15 Scout Tower
14:35 Guard Tower
14:48 Scout Tower
14:49 Scout Tower
15:24 Guard Tower
15:25 Scout Tower
15:27 Scout Tower
15:30 Scout Tower
16:19 Lumber Mill
16:31 Guard Tower
16:35 Guard Tower
16:40 Scout Tower
16:41 Scout Tower
16:42 Scout Tower
16:42 Scout Tower
16:44 Scout Tower
16:44 Scout Tower
16:52 Scout Tower
16:53 Scout Tower
16:53 Scout Tower
16:59 Scout Tower
16:59 Scout Tower
17:00 Scout Tower
17:03 Scout Tower
17:04 Scout Tower
17:05 Scout Tower
17:06 Scout Tower
17:07 Scout Tower
17:10 Scout Tower
17:10 Scout Tower
17:34 Guard Tower
17:44 Town Hall
18:58 Guard Tower
19:05 Scout Tower
19:06 Scout Tower
19:06 Scout Tower
19:08 Scout Tower
19:09 Scout Tower
19:10 Scout Tower
19:11 Scout Tower
19:12 Scout Tower
19:14 Scout Tower
19:15 Scout Tower
19:17 Scout Tower
19:17 Scout Tower
19:18 Scout Tower
19:19 Scout Tower
19:30 Castle
19:33 Guard Tower
19:50 Scout Tower
19:51 Scout Tower
19:52 Scout Tower
19:53 Scout Tower
19:54 Scout Tower
19:54 Scout Tower
19:56 Guard Tower
20:08 Guard Tower
20:34 Guard Tower
20:49 Guard Tower
21:24 Guard Tower
21:44 Arcane Vault
22:09 Guard Tower
22:11 Guard Tower
22:25 Guard Tower
22:28 Scout Tower
22:30 Scout Tower
22:31 Scout Tower
22:31 Scout Tower
22:33 Scout Tower
22:36 Scout Tower
22:38 Guard Tower
24:25 Guard Tower
25:57 Scout Tower
25:59 Scout Tower
26:00 Scout Tower
26:01 Scout Tower
26:02 Scout Tower
26:02 Scout Tower
26:04 Scout Tower
26:05 Scout Tower
26:06 Scout Tower
26:07 Scout Tower
26:08 Scout Tower
26:09 Scout Tower
26:10 Scout Tower
26:11 Scout Tower
26:12 Scout Tower
26:13 Scout Tower
26:37 Guard Tower
26:40 Scout Tower
26:41 Scout Tower
26:42 Scout Tower
26:43 Scout Tower
26:45 Scout Tower
27:06 Guard Tower
27:44 Scout Tower
27:44 Scout Tower
27:46 Scout Tower
27:46 Scout Tower
27:47 Scout Tower
27:48 Scout Tower
27:49 Scout Tower
27:50 Scout Tower
27:51 Scout Tower
27:52 Scout Tower
27:54 Scout Tower
27:55 Scout Tower
27:55 Scout Tower
27:58 Scout Tower
27:59 Scout Tower
28:00 Scout Tower
28:01 Scout Tower
28:03 Scout Tower
28:03 Scout Tower
28:05 Scout Tower
28:06 Scout Tower
28:07 Scout Tower
28:08 Scout Tower
28:09 Scout Tower
28:10 Scout Tower
28:11 Scout Tower
28:11 Scout Tower
28:22 Guard Tower
28:47 Guard Tower
28:56 Guard Tower
28:56 Guard Tower
29:00 Guard Tower
29:02 Scout Tower
29:03 Scout Tower
29:04 Scout Tower
29:05 Scout Tower
29:09 Scout Tower
29:10 Scout Tower
29:41 Guard Tower
30:13 Guard Tower
30:24 Scout Tower
30:25 Scout Tower
30:26 Scout Tower
30:27 Scout Tower
30:28 Scout Tower
30:29 Scout Tower
30:31 Scout Tower
30:37 Lumber Mill
30:43 Guard Tower
30:45 Guard Tower
31:41 Guard Tower
31:49 Guard Tower
33:47 Guard Tower
34:11 Guard Tower
34:12 Scout Tower
34:14 Scout Tower
34:31 Scout Tower
35:02 Guard Tower
35:10 Guard Tower
35:12 Guard Tower
35:26 Barracks
35:29 Gryphon Aviary
35:31 Blacksmith
35:45 Farm
35:46 Farm
35:48 Farm
35:52 Farm
35:53 Farm
35:54 Farm
35:55 Farm
35:56 Farm
35:57 Farm
35:59 Farm
36:27 Guard Tower
36:35 Guard Tower
45:39 Gryphon Aviary
46:55 Farm
46:56 Farm
48:49 Farm
49:33 Scout Tower
49:36 Scout Tower
50:28 Arcane Tower
50:29 Arcane Tower
» items
| Healing Salve | 1 | |
| Orb of Lightning | 2 | |
| Staff of Sanctuary | 4 | |
| Lesser Clarity Potion | 1 | |
8 total

»
Mata. (
green | 83 APM | 4944 actions | 59:26)
8 Demon Hunter
3 Immolation
3 Evasion
1 Metamorphosis
1 Mana Burn
2 Warden
1 Blink
1 Shadow Strike
» actions
| Assign group hotkey | 382 | |
| Basic commands | 35 | |
| Build / train | 113 | |
| ESC pressed | 3 | |
| Enter build submenu | 26 | |
| Enter hero's abilities submenu | 12 | |
| Give item / drop item | 7 | |
| Remove unit from queue | 11 | |
| Right click | 2985 | |
| Select / deselect | 897 | |
| Select group hotkey | 218 | |
| Use ability | 251 | |
4944 total
» units
| Wisp | 42 | |
| Hippogryph | 3 | |
| Glaive Thrower | 2 | |
| Druid of the Talon | 4 | |
51 total
» upgrades
| Nature's Blessing | 1 | |
| Druid of the Talon Training | 2 | |
| Hippogryph Taming | 1 | |
| Strength of the Wild | 3 | |
| Reinforced Hides | 4 | |
| Well Spring | 1 | |
| Mark of the Talon | 1 | |
| Ultravision | 1 | |
| Vorpal Blades | 1 | |
15 total
» buildings
| Altar of Elders | 1 | |
| Moon Well | 6 | |
| Tree of Ages | 3 | |
| Tree of Life | 3 | |
| Tree of Eternity | 1 | |
| Ancient of Wind | 3 | |
| Hunter's Hall | 1 | |
| Ancient of War | 2 | |
| Ancient of Wonders | 5 | |
25 total
» build order
00:07 Altar of Elders
00:17 Moon Well
01:57 Moon Well
03:22 Moon Well
03:26 Moon Well
04:06 Moon Well
04:11 Moon Well
05:52 Tree of Ages
05:52 Tree of Ages
11:24 Tree of Life
13:07 Tree of Eternity
14:17 Tree of Life
15:22 Ancient of Wind
15:22 Ancient of Wind
16:30 Tree of Life
18:48 Hunter's Hall
22:17 Ancient of War
24:04 Ancient of Wonders
24:57 Ancient of War
38:59 Ancient of Wind
54:33 Tree of Ages
57:33 Ancient of Wonders
58:40 Ancient of Wonders
58:53 Ancient of Wonders
59:02 Ancient of Wonders
» items
| Orb of Lightning | 1 | |
| Scroll of Town Portal | 6 | |
| Tiny Great Hall | 2 | |
| Healing Salve | 1 | |
| Lesser Clarity Potion | 1 | |
| Staff of Preservation | 1 | |
| Potion of Healing | 1 | |
| Orb of Fire | 1 | |
| Staff of Sanctuary | 1 | |
15 total
team 2 (loser)

»
Bnets_shrimp (
pink | 33 APM | 1925 actions | 58:47)
8 Death Knight
3 Death Coil
3 Unholy Aura
1 Animate Dead
1 Death Pact
7 Lich
3 Frost Nova
3 Frost Armor
1 Death and Decay
» actions
| Assign group hotkey | 35 | |
| Basic commands | 17 | |
| Build / train | 78 | |
| Enter build submenu | 22 | |
| Enter hero's abilities submenu | 15 | |
| Give item / drop item | 4 | |
| Remove unit from queue | 1 | |
| Right click | 995 | |
| Select / deselect | 363 | |
| Select group hotkey | 231 | |
| Use ability | 164 | |
1925 total
» units
| Acolyte | 7 | |
| Ghoul | 5 | |
| Crypt Fiend | 8 | |
| Obsidian Statue | 2 | |
| Frost Wyrm | 10 | |
| Meatwagon | 2 | |
34 total
» upgrades
| Creature Attack | 3 | |
| Burrow | 1 | |
| Web | 1 | |
| Freezing Breath | 1 | |
| Creature Carapace | 3 | |
| Disease Cloud | 1 | |
10 total
» buildings
| Graveyard | 1 | |
| Crypt | 1 | |
| Ziggurat | 18 | |
| Altar of Darkness | 1 | |
| Tomb of Relics | 1 | |
| Nerubian Tower | 3 | |
| Halls of the Dead | 1 | |
| Slaughterhouse | 1 | |
| Black Citadel | 1 | |
| Sacrificial Pit | 1 | |
| Boneyard | 2 | |
| Spirit Tower | 3 | |
34 total
» build order
00:20 Graveyard
00:23 Crypt
00:39 Ziggurat
00:59 Altar of Darkness
01:13 Ziggurat
01:28 Tomb of Relics
02:23 Nerubian Tower
04:15 Ziggurat
05:04 Halls of the Dead
05:49 Ziggurat
07:30 Slaughterhouse
09:52 Black Citadel
09:57 Ziggurat
11:43 Sacrificial Pit
11:48 Ziggurat
12:39 Boneyard
12:41 Boneyard
14:09 Ziggurat
17:18 Ziggurat
17:21 Ziggurat
22:43 Ziggurat
22:45 Ziggurat
22:47 Ziggurat
22:48 Ziggurat
22:49 Ziggurat
22:51 Ziggurat
23:00 Spirit Tower
23:01 Spirit Tower
25:29 Nerubian Tower
25:31 Nerubian Tower
25:33 Spirit Tower
29:57 Ziggurat
30:00 Ziggurat
30:02 Ziggurat
» items
| Rod of Necromancy | 1 | |
| Healing Salve | 1 | |
| Lesser Clarity Potion | 1 | |
| Potion of Healing | 2 | |
| Potion of Mana | 1 | |
| Orb of Corruption | 1 | |
| Scroll of Town Portal | 1 | |
8 total
Cliffordxxxx (
purple | 37 APM | 2177 actions | 59:25)
6 Blademaster
3 Wind Walk
2 Critical Strike
1 Bladestorm
» actions
| Assign group hotkey | 46 | |
| Basic commands | 154 | |
| Build / train | 108 | |
| Enter build submenu | 31 | |
| Enter hero's abilities submenu | 6 | |
| Right click | 728 | |
| Select / deselect | 566 | |
| Select group hotkey | 450 | |
| Use ability | 87 | |
2177 total
» units
| Peon | 28 | |
| Grunt | 5 | |
| Raider | 7 | |
| Demolisher | 24 | |
| Spirit Walker | 2 | |
| Shaman | 5 | |
| Tauren | 7 | |
| Troll Batrider | 2 | |
| Wind Rider | 1 | |
81 total
» upgrades
| Armor | 1 | |
| Berserker Strength | 1 | |
| Melee Weapons | 1 | |
| Spirit Walker Training | 2 | |
| Shaman Training | 2 | |
| Ensnare | 1 | |
| Pillage | 1 | |
| Pulverize | 1 | |
| Burning Oil | 1 | |
| Liquid Fire | 1 | |
12 total
» buildings
| Altar of Storms | 1 | |
| Orc Burrow | 8 | |
| Barracks | 6 | |
| Voodoo Lounge | 1 | |
| Stronghold | 1 | |
| War Mill | 1 | |
| Beastiary | 4 | |
| Spirit Lodge | 2 | |
| Fortress | 1 | |
| Tauren Totem | 2 | |
| Great Hall | 2 | |
29 total
» build order
00:08 Altar of Storms
00:20 Orc Burrow
00:35 Barracks
01:32 Orc Burrow
01:59 Voodoo Lounge
03:26 Stronghold
04:51 Orc Burrow
04:55 War Mill
05:42 Orc Burrow
07:15 Beastiary
07:21 Beastiary
07:26 Spirit Lodge
08:22 Spirit Lodge
09:47 Fortress
11:21 Orc Burrow
11:24 Orc Burrow
12:40 Tauren Totem
12:44 Tauren Totem
14:36 Great Hall
15:40 Orc Burrow
26:49 Barracks
26:51 Barracks
26:57 Barracks
27:09 Barracks
27:28 Orc Burrow
27:42 Barracks
30:53 Great Hall
58:18 Beastiary
58:34 Beastiary
» items
| Healing Salve | 1 | |
| Lesser Clarity Potion | 1 | |
| Scroll of Speed | 1 | |
3 total
Seris (
teal | 58 APM | 3425 actions | 58:52)
7 Death Knight
3 Death Coil
3 Unholy Aura
1 Animate Dead
7 Lich
3 Frost Nova
3 Frost Armor
1 Death and Decay
» actions
| Assign group hotkey | 77 | |
| Basic commands | 498 | |
| Build / train | 148 | |
| ESC pressed | 18 | |
| Enter build submenu | 27 | |
| Enter hero's abilities submenu | 15 | |
| Give item / drop item | 4 | |
| Right click | 820 | |
| Select / deselect | 711 | |
| Select group hotkey | 878 | |
| Use ability | 229 | |
3425 total
» units
| Acolyte | 32 | |
| Ghoul | 6 | |
| Crypt Fiend | 16 | |
| Frost Wyrm | 12 | |
| Meatwagon | 8 | |
| Necromancer | 14 | |
| Banshee | 1 | |
| Obsidian Statue | 1 | |
| Polar Furbolg Shaman | 1 | |
| Magnataur Warrior | 2 | |
| Barbed Arachnathid | 4 | |
97 total
» upgrades
| Creature Attack | 3 | |
| Web | 1 | |
| Burrow | 1 | |
| Creature Carapace | 3 | |
| Freezing Breath | 1 | |
| Exhume Corpses | 1 | |
| Necromancer Training | 2 | |
| Skeletal Longevity | 1 | |
| Skeletal Mastery | 1 | |
14 total
» buildings
| Graveyard | 1 | |
| Crypt | 1 | |
| Ziggurat | 9 | |
| Altar of Darkness | 1 | |
| Tomb of Relics | 1 | |
| Nerubian Tower | 2 | |
| Halls of the Dead | 1 | |
| Black Citadel | 1 | |
| Sacrificial Pit | 1 | |
| Boneyard | 2 | |
| Temple of the Damned | 3 | |
| Slaughterhouse | 2 | |
25 total
» build order
00:11 Graveyard
00:13 Crypt
00:41 Ziggurat
00:59 Altar of Darkness
01:39 Ziggurat
02:19 Tomb of Relics
02:25 Nerubian Tower
02:25 Nerubian Tower
03:20 Halls of the Dead
04:55 Ziggurat
05:46 Black Citadel
05:49 Sacrificial Pit
07:52 Ziggurat
09:10 Boneyard
09:11 Boneyard
13:01 Ziggurat
14:36 Ziggurat
15:16 Ziggurat
17:56 Ziggurat
17:57 Ziggurat
27:14 Temple of the Damned
27:22 Slaughterhouse
27:26 Temple of the Damned
27:30 Slaughterhouse
27:32 Temple of the Damned
» items
| Rod of Necromancy | 1 | |
| Dust of Appearance | 2 | |
| Potion of Mana | 1 | |
| Orb of Corruption | 2 | |
| Scroll of Healing | 3 | |
| Scroll of Town Portal | 1 | |
10 total
Chat log
(00:03 / All) dirtmcwordUP: one sec
(00:04 / All) Bnets_shrimp: nps
(01:53 / Allies) Mata.: toying with the enemies etc
(02:43 / All) Seris: blinn u crazy
(02:47 / Allies) Mata.: no cancel LOL
(02:58 / Allies) Mata.: HE GETTING ANGRY
(04:24 / Allies) Mata.: doubt it
(04:39 / Allies) Mata.: because it wasn't apparent which one he was going to target "blinn"
(06:04 / Allies) Mata.: sharetimg
(07:17 / Allies) Mata.: i got boots on my 'h
(08:29 / Allies) Mata.: spare boots
(08:31 / Allies) Mata.: ifn anyone need
(08:47 / Allies) Mata.: it's the mangataur
(08:49 / Allies) Mata.: nice
(08:54 / Allies) Mata.: go
(08:54 / Allies) Mata.: go
(08:55 / Allies) Mata.: go
(08:55 / Allies) Mata.: go
(08:56 / Allies) Mata.: go
(09:01 / Allies) Mata.: claws
(09:09 / Allies) Mata.: free boots
(10:20 / Allies) Mata.: effort with aow creeping
(11:35 / Allies) Mata.: eventually maybe
(11:38 / Allies) Mata.: if game goes that long
(12:08 / Allies) Mata.: they crept?!?!?!
(12:24 / Allies) Mata.: are we sure
(13:37 / Allies) Mata.: w/e
(13:42 / Allies) Mata.: i'll heal after
(13:44 / Allies) Mata.: go defend
(14:12 / Allies) Mata.: creep that
(14:58 / Allies) Mata.: free evasion talis
(15:14 / Allies) Mata.: dragon doesnt drop items fyi
(15:46 / Allies) Mata.: gave eva talis
(15:57 / Allies) Mata.: nope
(16:13 / Allies) Mata.: start harassin they expos
(16:52 / Allies) Mata.: you need forties
(16:54 / Allies) Mata.: they got woym
(17:12 / Allies) Mata.: now
(18:32 / All) dirtmcwordUP: huih
(19:31 / Allies) Mata.: bat it
(19:45 / Allies) Mata.: no idea sorry
(19:58 / Allies) Mata.: shit
(24:08 / Allies) Mata.: oops :-)
(24:25 / Allies) Mata.: which mountain are we goin for
(24:39 / Allies) Mata.: been a while since top
(26:54 / Allies) Mata.: this is a far mine isn't it
(29:14 / Allies) Mata.: that has some tows
(29:32 / Allies) Mata.: morlune
(29:32 / Allies) Mata.: yeah
(31:57 / Allies) Mata.: yeah
(31:59 / Allies) Mata.: i'm working onit
(36:17 / Allies) Mata.: time to lose this soon
(36:24 / Allies) Mata.: yeah
(36:29 / Allies) Mata.: working on removing the evidence
(37:20 / Allies) Mata.: let em have blinns base soon
(37:22 / Allies) Mata.: not that much gold on map
(37:40 / Allies) Mata.: ok
(38:53 / Allies) Mata.: sure
(38:54 / Allies) Mata.: 1 or 2
(39:19 / Allies) Mata.: idk
(39:22 / Allies) Mata.: not that roomy
(39:38 / Allies) Mata.: blinn
(39:39 / Allies) Mata.: evac base
(39:40 / Allies) Mata.: let em have it
(39:45 / Allies) Mata.: i dont mean that as in kill em
(40:04 / Allies) Mata.: you aren't going down boddy
(40:06 / Allies) Mata.: you're going up
(42:00 / Allies) Mata.: you got ime
(43:20 / Allies) Mata.: yes
(43:24 / Allies) Mata.: well save 2 trees
(44:08 / Allies) Mata.: got 2 out
(44:15 / Allies) Mata.: tru
(44:15 / Allies) Mata.: tru
(45:10 / Allies) Mata.: time to go up "buddy"
(45:38 / All) Mata.: damn
(45:39 / All) Mata.: gg
(45:42 / All) dirtmcwordUP: gg
(45:44 / All) bLinn: gg...
(45:45 / All) Bnets_shrimp: gg
(45:49 / All) Seris: gg
(46:00 / Allies) Mata.: yeah
(46:06 / Allies) Mata.: they gonna go down with ship
(46:10 / Allies) bLinn: quorna
(47:17 / Allies) Mata.: he died
(48:17 / Allies) Mata.: send these p
(48:26 / Allies) Mata.: gettin em outta there
(49:15 / All) Cliffordxxxx: quit
(49:22 / All) bLinn: gl hf
(49:22 / All) Mata.: ure right. gg
(49:25 / All) dirtmcwordUP: gg
(50:01 / Allies) Mata.: abloobloobloo
(51:32 / All) Bnets_shrimp: lol
(52:14 / Allies) Mata.: nah w/e
(52:16 / Allies) Mata.: nowheres to go
(52:41 / Allies) Mata.: no skels left
(52:53 / All) Bnets_shrimp: omfg leave
(52:55 / Allies) Mata.: too busey
(52:57 / All) Bnets_shrimp: noob fucks
(53:00 / All) dirtmcwordUP: wtf
(53:01 / All) Bnets_shrimp: all u can do is tower
(53:03 / All) dirtmcwordUP: now i dont go
(53:18 / All) Mata.: wow. you know very little about us...
(53:20 / All) Mata.: and that was very rude
(53:25 / All) Cliffordxxxx: lol
(53:26 / All) Mata.: it hink you need to consider your words
(53:29 / All) Bnets_shrimp: suck my balls
(53:31 / All) bLinn: how can u say that without knowing anything about our families, our upbringing, etc?
(53:31 / All) Cliffordxxxx: you fuckin suck
(53:31 / All) Bnets_shrimp: and fuck off
(53:34 / All) Mata.: a little more caarefully...
(53:36 / All) Bnets_shrimp: noob waste my fuckin time
(53:41 / All) Seris: u towered
(53:46 / All) dirtmcwordUP: u guys suck
(53:46 / All) Seris: that is dishonorable
(53:48 / All) Cliffordxxxx: all you did was tower
(53:53 / All) Bnets_shrimp: we suck rofl
(53:57 / All) Cliffordxxxx: yep
(53:58 / All) bLinn: i put it 2 u that u r a suckah ass suckah
(54:00 / All) Bnets_shrimp: we raped u even with ur mass towers
(54:04 / All) Bnets_shrimp: how do u lose with mass towers?
(54:09 / Allies) Mata.: never went up
(54:26 / Allies) Mata.: we gotta conserve space
(54:36 / Allies) Mata.: you do it
(54:39 / All) Seris: hi
(54:41 / Allies) Mata.: i'm bizzay noober
(54:55 / Allies) Mata.: dng
(54:59 / All) Mata.: dam.... gg
(55:03 / All) Bnets_shrimp: GG
(55:04 / All) dirtmcwordUP: hahah u suck fucking map hacker
(55:11 / All) Bnets_shrimp: lols
(55:16 / All) Cliffordxxxx: lol u were the worst orange
(55:22 / All) dirtmcwordUP: ? 1v1
(55:36 / All) Cliffordxxxx: dont wanna waste another hour of battling towers
(55:42 / All) dirtmcwordUP: pussey
(55:42 / Allies) Mata.: man
(55:45 / Allies) Mata.: thsi guy is in for a surprise
(56:03 / Allies) Mata.: going up now
(56:16 / Allies) Mata.: have'n
(56:43 / Allies) Mata.: almost blinked thru forest
(56:44 / All) Bnets_shrimp: ks lol
(57:18 / Allies) Mata.: like shredders
(57:19 / All) Bnets_shrimp: lol
(57:20 / Allies) Mata.: but wif gold
(57:21 / All) Bnets_shrimp: how the helkl
(57:34 / All) dirtmcwordUP: huh
(57:40 / All) Mata.: hu
(58:28 / Allies) Mata.: fsck it
(58:47 / All) Seris: dont u guys have any life?
(58:54 / All) dirtmcwordUP: hahahahahhahaha pussey ass pusseys
(59:04 / All) dirtmcwordUP: afraid
(59:05 / All) dirtmcwordUP: noob
(59:05 / All) bLinn: fuckin noobs lost to towers lolol
(59:06 / All) bLinn: god ownt
(59:08 / Allies) Mata.: we fucked em over too hard
(59:08 / All) dirtmcwordUP: thank for free win hahahaha
(59:09 / Allies) Mata.: when we went up
(59:13 / All) Cliffordxxxx: lmao
(59:13 / Allies) Mata.: they have nothing
(59:18 / All) Cliffordxxxx: get a life
(59:23 / All) Cliffordxxxx: fuck ur family
(59:25 / All) bLinn: keep playing 3v3 AT I like these wins